 Dungeon Crawl Stone Soup version 0.25.0-15-gac7dcb8919 (webtiles) character file.

Game seed: 5896054138849269654

1472 grindst0ne the Fighter (level 9, -2/77 HPs)
             Began as a Human Chaos Knight on June 29, 2020.
             Was a Plaything of Xom.
             Slain by Duvessa
             ... wielding a +3 short sword of draining
              (4 damage)
             ... on level 5 of the Dungeon.
             The game lasted 00:10:47 (6302 turns).

grindst0ne the Fighter (Human Chaos Knight)         Turns: 6302, Time: 00:10:47

Health: -2/77      AC:  5    Str:  9 (11) XL:     9   Next: 6%
Magic:  0/9        EV: 13    Int: 10 (13) God:    Xom [.*....]
Gold:   319        SH:  0    Dex: 11 (13) Spells: 8/8 levels left

rFire    . . .     SeeInvis .   l - +0 dagger (venom)
rCold    . . .     Gourm    .   (no shield)
rNeg     . . .     Faith    .   b - +2 leather armour
rPois    .         Spirit   +   (no helmet)
rElec    .         Reflect  .   (no cloak)
rCorr    .         Harm     .   (no gloves)
MR       .....     Clarity  +   (no boots)
Stlth    ..........             n - amulet of guardian spirit
HPRegen  0.22/turn              (no ring)
MPRegen  0.11/turn              (no ring)

@: confused, glowing, very heavily drained
A: blurry vision 1, clarity, weak 2
a: Renounce Religion


You were on level 5 of the Dungeon.
You worshipped Xom.
You were a plaything of Xom.
You were not hungry.

You visited 1 branch of the dungeon, and saw 5 of its levels.
You also visited: Ossuary.

You collected 319 gold pieces.

Inventory:

Hand Weapons
 l - a +0 dagger of venom (weapon)
 q - a +4 flail of holy wrath
Armour
 b - a +2 leather armour (worn)
 i - a +0 chain mail
 j - a +0 plate armour
Jewellery
 n - an amulet of guardian spirit (around neck)
Wands
 t - a wand of digging (1)
Scrolls
 e - a scroll of enchant armour {unknown}
 f - 2 scrolls of remove curse {unknown}
 h - 7 scrolls of identify {unknown}
 k - 6 scrolls of teleportation
 m - 2 scrolls of random uselessness {unknown}
 p - a scroll of amnesia {unknown}
 s - 2 scrolls of enchant weapon {unknown}
 x - a scroll of noise {unknown}
Potions
 a - 2 potions of invisibility
 g - 4 potions of flight
 o - 3 potions of curing
 v - a potion of degeneration
 w - 3 potions of brilliance
Comestibles
 c - 13 rations
 d - 2 chunks of flesh


   Skills:
 + Level 9.5(5.8) Fighting
   Level 3.0(0.0) Axes
 + Level 4.4(1.2) Armour
 + Level 9.0(5.4) Dodging


You had 8 spell levels left.
You didn't know any spells.
Your spell library contained the following spells:

 Spells                   Type           Power        Failure   Level  Hunger
 Confusing Touch          Hex            #.......     83%         3    ####...
 Gell's Gravitas          Tloc           #.........   83%         3    ####...
 Petrify                  Tmut/Erth      #.......     99%         4    #####..
 Metabolic Englaciation   Hex/Ice        #.........   100%        5    ######.
 Yara's Violent Unravell  Hex/Tmut       #.........   100%        5    ######.


Dungeon Overview and Level Annotations

Branches:
Dungeon (5/15)             Temple (0/1) D:4         Ossuary (visited)

Altars:
Cheibriados
Elyvilon
Gozag
Qazlal
Uskayaw
Xom
The Shining One

Annotations:
D:5 3 runed translucent doors, Duvessa; Esekla's ghost, novice BaNe


Innate Abilities, Weirdness & Mutations

Scrolls take you a little longer to read.
You possess an exceptional clarity of mind.
You are very weak. (Str -4)


Message History

Duvessa is heavily wounded.
Duvessa misses you.
Duvessa hits you with a +3 short sword of draining!
* * * LOW HITPOINT WARNING * * *
You feel drained.
* * * LOW HITPOINT WARNING * * *
You are confused.
You feel invigorated.
Duvessa hits you with a +3 short sword of draining!
* * * LOW HITPOINT WARNING * * *
You feel drained.
* * * LOW HITPOINT WARNING * * *
You bump into the rock wall.
Duvessa hits you with a +3 short sword of draining!
* * * LOW HITPOINT WARNING * * *
You feel drained.
* * * LOW HITPOINT WARNING * * *
Duvessa hits you with a +3 short sword of draining.
You die...
Xom is highly amused!

.### ##..##.....##.########...#.
##.... #..#.)...#.. ....≈##'#..
#...=. #..#.....#.# .P..≈;#.#..
#..... #Z.#.....#.# ...≈o;#.#).
.....# #..##....##≈# .≈P.;≈#.#..
..........#.....#≈≈ .P.≈≈##≈#..
..####...##....##§##########≈##.#
###..#####.....#e§#....(≈##≈##...
.............#.#@#'..P≈)≈≈#÷#...#
###.........##.#§#...eP..;#.#....
#.............#≈#...P≈;≈≈#.#....
##......#......#≈##..P.≈≈##.#....
....##.#...)...##≈########.##....
#....#..[.......##....≈≈≈≈#####..
.................##########..###.
#.........##.....(...###.##......
#####.....###........##......#.#.


You could see Duvessa (berserk, extremely poisoned).

Vanquished Creatures
  Grinder (D:5)
  Edmund (D:5)
  A sky beast (D:5)
  2 ogres
  An elf zombie (Ossuary)
  Dowan (D:5)
  A scorpion (D:4)
  A howler monkey (D:5)
  A crimson imp (D:5)
  3 hounds (D:4)
  An orc priest (D:3)
  4 orc wizards
  2 worker ants
  2 big kobold zombies (Ossuary)
  A hound skeleton (D:5)
  4 mummies (Ossuary)
  11 adders
  2 oozes
  2 adder zombies (Ossuary)
  3 worms
  2 dart slugs
  2 leopard geckos
  27 orcs
  7 giant cockroaches
  6 hobgoblins
  10 jackals (D:4)
  11 kobolds
  4 quokkas
  A ball python zombie (D:5)
  5 bats
  5 frilled lizards
  6 goblins
  A goblin zombie (Ossuary)
  A jackal zombie (Ossuary)
  2 kobold zombies (Ossuary)
  A quokka zombie (D:5)
  8 rats
  2 rat zombies (Ossuary)
146 creatures vanquished.

Vanquished Creatures (collateral kills)
  2 crimson imps (D:5)
  2 orc priests (D:3)
  An iguana (D:5)
  A goblin (D:3)
  A quokka (D:3)
  A goblin zombie (Ossuary)
8 creatures vanquished.

Grand Total: 154 creatures vanquished

Notes
Turn   | Place    | Note
-------+----------+-------------------------------------------
     0 | D:1      | grindst0ne the Human Chaos Knight began the quest for the
                  | Orb.
     0 | D:1      | Reached XP level 1. HP: 18/18 MP: 1/1
    14 | D:1      | XOM: silly message
    86 | D:1      | XOM: silly message
   109 | D:1      | Reached XP level 2. HP: 21/24 MP: 2/2
   232 | D:1      | XOM: silly message
   334 | D:1      | Reached XP level 3. HP: 24/29 MP: 3/3
   477 | D:1      | XOM: cloud trail
   751 | D:2      | XOM: potion effect (experience)
   751 | D:2      | Reached XP level 4. HP: 11/45 MP: 4/4
   752 | D:2      | XOM: silly message
  1035 | D:2      | Found a white marble altar of Elyvilon.
  1135 | D:2      | Reached XP level 5. HP: 51/51 MP: 5/5
  1173 | D:2      | XOM: smoke on damage
  1178 | D:2      | XOM: smoke on damage
  1276 | D:2      | XOM: silly message
  1329 | D:2      | XOM: divination: detect creatures
  1464 | D:2      | XOM: 1-stop teleportation journey
  1959 | D:3      | XOM: noise
  1962 | D:3      | XOM: fake destruction
  1967 | D:3      | XOM: cleaving
  1971 | D:3      | XOM: summons 1 friendly demon
  1980 | D:3      | XOM: smoke on damage
  2009 | D:3      | Found an opulent altar of Gozag.
  2418 | D:3      | XOM: god gift: large lapis lazuli amulet {god gift}
  2484 | D:3      | XOM: divination: detect items
  2497 | D:3      | Reached XP level 6. HP: 17/57 MP: 2/6
  2955 | D:3      | Found a hide-covered altar of Uskayaw.
  2957 | D:3      | Found a stormy altar of Qazlal.
  2957 | D:3      | Found a white marble altar of Elyvilon.
  2957 | D:3      | Found a shimmering altar of Xom.
  3089 | D:2      | XOM: god gift: potion of curing
  3258 | D:3      | XOM: cast spell 'Summon Ice Beast'
  3467 | D:3      | Found a glowing golden altar of the Shining One.
  3721 | D:4      | Found a staircase to the Ecumenical Temple.
  3745 | D:4      | Reached XP level 7. HP: 37/63 MP: 4/7
  4213 | D:4      | XOM: 2-stop teleportation journey
  4564 | D:4      | XOM: give mutations
  4564 | D:4      | Gained mutation: You possess an exceptional clarity of
                  | mind. [Xom's mischief]
  4564 | D:4      | Gained mutation: You are weak. (Str -2) [Xom's mischief]
  4708 | D:4      | Found a snail-covered altar of Cheibriados.
  4935 | D:5      | Entered Level 5 of the Dungeon
  4969 | D:5      | Noticed Edmund
  4972 | D:5      | XOM: summons friendly iron imp
  4983 | D:5      | Killed Edmund
  4983 | D:5      | Reached XP level 8. HP: 50/71 MP: 5/8
  5027 | D:5      | XOM: god gift: potion of ambrosia
  5064 | D:5      | Found a sand-covered staircase.
  5070 | Ossuary  | Entered an ossuary
  5075 | Ossuary  | XOM: summons friendly white imp
  5076 | Ossuary  | XOM: 6-stop teleportation journey
  5161 | Ossuary  | XOM: scenery: create altars
  5271 | Ossuary  | XOM: god gift: glowing centaur barding {god gift}
  5472 | D:5      | XOM: fog
  5490 | D:5      | Noticed Esekla's ghost (novice BaNe)
  5512 | D:5      | XOM: destruction
  5520 | D:5      | XOM: torment (34/71 hp)
  5580 | D:5      | XOM: summons 5 hostile demons
  5665 | D:5      | XOM: 2-stop teleportation journey
  5763 | D:5      | Found a runed translucent gate.
  5763 | D:5      | Found a runed translucent gate.
  5763 | D:5      | Found a runed translucent gate.
  5845 | D:5      | XOM: god gift: 11 stones
  5853 | D:5      | Noticed Grinder
  5854 | D:5      | XOM: destruction
  5858 | D:5      | Paralysed by Grinder for 5 turns
  5870 | D:5      | Killed Grinder
  5870 | D:5      | Reached XP level 9. HP: 31/77 MP: 3/9
  6224 | D:5      | XOM: give mutations
  6224 | D:5      | Gained mutation: Scrolls take you a little longer to read.
                  | [Xom's mischief]
  6224 | D:5      | Gained mutation: You are very weak. (Str -4) [Xom's
                  | mischief]
  6254 | D:5      | Noticed Duvessa
  6254 | D:5      | Noticed Dowan
  6288 | D:5      | XOM: enchant monster (good)
  6295 | D:5      | XOM: smoke on damage
  6299 | D:5      | Killed Dowan
  6302 | D:5      | HP: 3/77 [Duvessa/+3 short sword of draining (12)]
  6302 | D:5      | Slain by Duvessa

Illustrated notes

Levels and vault maps discovered:
D:1:      denvon_arrival_waterhouse, layout_rooms
D:2:      layout_basic, elyvilon_altar_1
D:3:      layout_basic, grunt_temple_overflow_open, first_ration,
          nicolae_gozag_seed_capital
D:4:      layout_layer_cave, kennysheep_slug_shrine, minmay_temple_entry_tees
D:5:      cheibrodos_two_vegetables, layout_cave_pools, gammafunk_ghost_icy,
          nicolae_ossuary_entry_plus, uniq_grinder, uniq_duvessa, uniq_edmund

Skill      XL: |  1  2  3  4  5  6  7  8 |
---------------+-------------------------+-----
Dodging        | 2 7 8 9 |  9.0
Fighting       | 8 9 |  9.5
Armour         | 3 4 |  4.4
Axes           | |  3.0

Action                   |  1- 3 |  4- 6 |  7- 9 || total
-------------------------+-------+-------+-------++-------
Melee: Hand axe          |    51 |    92 |       ||   143
       Dagger            |       |   155 |   203 ||   358
       Flail             |       |       |    78 ||    78
  Use: Potion            |       |     6 |     5 ||    11
       Scroll            |       |     1 |     1 ||     2
 Stab: Paralysed         |       |     3 |     3 ||     6
       Sleeping          |       |     1 |     1 ||     2
       Distracted        |       |     1 |       ||     1
       Invisible         |       |     1 |       ||     1
  Eat: Chunk             |       |     9 |     9 ||    18
Armor: Leather armour    |    36 |    66 |    50 ||   152
       Skin              |       |    14 |     2 ||    16
Dodge: Dodged            |    44 |   225 |   215 ||   484
